General information
- name: BNet
- type: Ladder team game (AT/RT)
- host: Battle.net
- saver: prttylilh0rs1es
map: Sanctuary_LV
- players: 8
- length: 49:23
- speed: Fast
- version: 1.29 W3XP
- replay type: Public
» download(447 KB)
Players
team 1 (winner)

»
Astrael (
green | 81 APM | 1299 actions | 16:06)
4 Death Knight
2 Death Coil
2 Unholy Aura
2 Lich
1 Frost Nova
1 Frost Armor
» actions
| Assign group hotkey | 27 | |
| Basic commands | 39 | |
| Build / train | 57 | |
| Enter build submenu | 14 | |
| Enter hero's abilities submenu | 6 | |
| Give item / drop item | 1 | |
| Remove unit from queue | 1 | |
| Right click | 658 | |
| Select / deselect | 163 | |
| Select group hotkey | 283 | |
| Use ability | 50 | |
1299 total
» units
| Acolyte | 13 | |
| Ghoul | 6 | |
| Crypt Fiend | 7 | |
| Obsidian Statue | 2 | |
| Goblin Sapper | 6 | |
34 total
» upgrades
| Creature Attack | 1 | |
| Creature Carapace | 2 | |
| Freezing Breath | 1 | |
| Web | 1 | |
5 total
» buildings
| Altar of Darkness | 1 | |
| Ziggurat | 5 | |
| Crypt | 1 | |
| Graveyard | 1 | |
| Nerubian Tower | 1 | |
| Halls of the Dead | 1 | |
| Tomb of Relics | 1 | |
| Spirit Tower | 1 | |
| Black Citadel | 1 | |
| Slaughterhouse | 1 | |
| Sacrificial Pit | 1 | |
| Boneyard | 2 | |
17 total
» build order
00:10 Altar of Darkness
00:13 Ziggurat
00:35 Crypt
01:09 Graveyard
01:18 Ziggurat
03:16 Ziggurat
03:46 Ziggurat
04:47 Nerubian Tower
04:50 Halls of the Dead
05:00 Ziggurat
05:51 Tomb of Relics
06:27 Spirit Tower
07:28 Black Citadel
08:22 Slaughterhouse
08:23 Sacrificial Pit
10:04 Boneyard
10:07 Boneyard
» items
| Potion of Healing | 2 | |
| Potion of Mana | 1 | |
3 total
adaware (
teal | 120 APM | 5905 actions | 49:22)
7 Archmage
3 Summon Water Elemental
3 Brilliance Aura
1 Mass Teleport
7 Mountain King
3 Storm Bolt
3 Bash
1 Avatar
4 Goblin Alchemist
2 Acid Bomb
1 Healing Spray
1 Chemical Rage
» actions
| Assign group hotkey | 126 | |
| Basic commands | 324 | |
| Build / train | 203 | |
| ESC pressed | 11 | |
| Enter build submenu | 60 | |
| Enter hero's abilities submenu | 18 | |
| Give item / drop item | 23 | |
| Remove unit from queue | 1 | |
| Right click | 1680 | |
| Select / deselect | 1027 | |
| Select group hotkey | 1951 | |
| Use ability | 481 | |
5905 total
» units
| Peasant | 17 | |
| Footman | 5 | |
| Rifleman | 19 | |
| Goblin Shredder | 2 | |
| Sorceress | 11 | |
| Priest | 9 | |
| Siege Engine | 3 | |
| Mortar Team | 4 | |
| Spell Breaker | 8 | |
| Flying Machine | 1 | |
79 total
» upgrades
| Gunpowder | 3 | |
| Long Rifles | 1 | |
| Armor | 3 | |
| Priest Training | 2 | |
| Sorceress Training | 2 | |
| Swords | 3 | |
| Plating | 4 | |
| Barrage | 1 | |
| Fragmentation Shards | 1 | |
| Masonry | 1 | |
| Flare | 1 | |
| Control Magic | 1 | |
| Flak Cannons | 1 | |
| Animal War Training | 1 | |
25 total
» buildings
| Altar of Kings | 1 | |
| Barracks | 1 | |
| Farm | 12 | |
| Arcane Vault | 1 | |
| Blacksmith | 1 | |
| Keep | 2 | |
| Town Hall | 3 | |
| Scout Tower | 34 | |
| Castle | 2 | |
| Arcane Tower | 7 | |
| Arcane Sanctum | 2 | |
| Workshop | 2 | |
| Lumber Mill | 1 | |
| Guard Tower | 26 | |
95 total
» build order
00:57 Altar of Kings
00:59 Barracks
01:02 Farm
01:06 Farm
01:14 Farm
01:53 Arcane Vault
02:23 Blacksmith
02:44 Farm
04:05 Keep
04:05 Keep
04:40 Town Hall
05:38 Scout Tower
06:43 Castle
06:43 Castle
07:01 Farm
07:03 Arcane Tower
08:42 Farm
08:44 Arcane Sanctum
09:24 Arcane Sanctum
10:10 Farm
10:54 Scout Tower
10:59 Workshop
11:37 Workshop
12:08 Lumber Mill
12:11 Arcane Tower
12:12 Arcane Tower
12:14 Scout Tower
12:15 Scout Tower
12:16 Scout Tower
12:35 Scout Tower
12:38 Scout Tower
13:09 Guard Tower
13:10 Guard Tower
13:13 Scout Tower
13:14 Scout Tower
14:04 Guard Tower
14:45 Farm
14:45 Farm
14:47 Farm
16:18 Farm
18:46 Scout Tower
18:48 Scout Tower
20:07 Guard Tower
20:07 Guard Tower
20:08 Guard Tower
21:38 Town Hall
21:39 Scout Tower
21:40 Scout Tower
21:40 Scout Tower
21:42 Scout Tower
21:44 Scout Tower
21:44 Scout Tower
21:45 Scout Tower
21:45 Scout Tower
21:46 Scout Tower
21:46 Scout Tower
22:06 Farm
22:57 Guard Tower
22:57 Guard Tower
24:06 Guard Tower
24:06 Guard Tower
25:55 Scout Tower
25:58 Scout Tower
26:23 Guard Tower
26:24 Guard Tower
26:24 Guard Tower
26:30 Guard Tower
26:30 Guard Tower
26:34 Scout Tower
27:29 Guard Tower
27:29 Guard Tower
28:09 Town Hall
28:11 Scout Tower
28:12 Scout Tower
28:13 Scout Tower
28:15 Scout Tower
28:45 Guard Tower
28:45 Guard Tower
32:12 Scout Tower
32:14 Scout Tower
32:31 Scout Tower
32:32 Scout Tower
32:38 Scout Tower
32:41 Arcane Tower
32:41 Arcane Tower
32:46 Guard Tower
32:46 Guard Tower
33:14 Guard Tower
33:14 Guard Tower
33:22 Guard Tower
33:32 Guard Tower
33:32 Guard Tower
37:54 Scout Tower
38:33 Arcane Tower
38:33 Arcane Tower
» items
| Scroll of Regeneration | 5 | |
| Mechanical Critter | 5 | |
| Scroll of Town Portal | 4 | |
| Boots of Speed | 1 | |
| Staff of Sanctuary | 3 | |
| Orb of Fire | 1 | |
| Lesser Clarity Potion | 1 | |
| Potion of Healing | 3 | |
23 total
krom86 (
yellow | 29 APM | 1455 actions | 49:22)
6 Paladin
2 Devotion Aura
1 Holy Light
2 Divine Shield
1 Resurrection
» actions
| Assign group hotkey | 64 | |
| Basic commands | 19 | |
| Build / train | 66 | |
| Enter build submenu | 22 | |
| Enter hero's abilities submenu | 7 | |
| Give item / drop item | 1 | |
| Right click | 843 | |
| Select / deselect | 262 | |
| Select group hotkey | 110 | |
| Use ability | 61 | |
1455 total
» units
| Peasant | 8 | |
| Knight | 22 | |
| Gryphon Rider | 7 | |
37 total
» upgrades
| Masonry | 2 | |
| Plating | 3 | |
| Swords | 3 | |
| Animal War Training | 1 | |
| Armor | 3 | |
| Storm Hammers | 1 | |
13 total
» buildings
| Barracks | 2 | |
| Farm | 12 | |
| Altar of Kings | 1 | |
| Lumber Mill | 1 | |
| Keep | 1 | |
| Blacksmith | 1 | |
| Arcane Vault | 1 | |
| Castle | 1 | |
| Town Hall | 1 | |
| Gryphon Aviary | 1 | |
22 total
» build order
00:41 Barracks
01:00 Farm
01:13 Farm
01:40 Farm
01:57 Altar of Kings
02:24 Lumber Mill
03:09 Keep
03:39 Blacksmith
03:49 Barracks
03:58 Arcane Vault
05:03 Farm
05:12 Farm
05:30 Castle
05:45 Farm
05:57 Farm
06:36 Farm
07:21 Farm
13:07 Farm
13:10 Farm
17:46 Farm
18:56 Town Hall
22:11 Gryphon Aviary
» items
| Orb of Fire | 1 | |
| Scroll of Town Portal | 3 | |
| Scroll of Regeneration | 2 | |
| Potion of Healing | 1 | |
7 total
Coolbeams (
purple | 45 APM | 1243 actions | 27:55)
4 Death Knight
2 Death Coil
2 Unholy Aura
4 Lich
2 Frost Nova
2 Dark Ritual
» actions
| Assign group hotkey | 19 | |
| Build / train | 58 | |
| Enter build submenu | 25 | |
| Enter hero's abilities submenu | 8 | |
| Give item / drop item | 5 | |
| Remove unit from queue | 1 | |
| Right click | 517 | |
| Select / deselect | 208 | |
| Select group hotkey | 325 | |
| Use ability | 77 | |
1243 total
» units
| Acolyte | 6 | |
| Ghoul | 1 | |
| Crypt Fiend | 13 | |
| Goblin Shredder | 1 | |
| Obsidian Statue | 1 | |
22 total
» upgrades
| Creature Attack | 1 | |
| Creature Carapace | 1 | |
| Burrow | 1 | |
| Web | 1 | |
4 total
» buildings
| Graveyard | 2 | |
| Ziggurat | 8 | |
| Crypt | 2 | |
| Altar of Darkness | 2 | |
| Tomb of Relics | 2 | |
| Nerubian Tower | 2 | |
| Halls of the Dead | 2 | |
| Sacrificial Pit | 2 | |
| Slaughterhouse | 1 | |
| Spirit Tower | 2 | |
| Black Citadel | 2 | |
| Necropolis | 1 | |
28 total
» build order
00:23 Graveyard
00:37 Ziggurat
00:47 Crypt
01:07 Altar of Darkness
01:22 Tomb of Relics
01:44 Ziggurat
02:39 Nerubian Tower
02:48 Crypt
05:48 Ziggurat
06:25 Halls of the Dead
07:11 Ziggurat
09:08 Sacrificial Pit
09:21 Slaughterhouse
10:43 Spirit Tower
10:57 Black Citadel
13:17 Ziggurat
14:26 Spirit Tower
19:01 Necropolis
19:25 Tomb of Relics
20:16 Altar of Darkness
20:42 Ziggurat
22:13 Ziggurat
22:47 Nerubian Tower
23:16 Halls of the Dead
23:46 Ziggurat
25:48 Sacrificial Pit
26:32 Graveyard
26:42 Black Citadel
» items
| Rod of Necromancy | 2 | |
| Sacrificial Skull | 2 | |
| Potion of Healing | 4 | |
| Scroll of Town Portal | 2 | |
| Orb of Corruption | 1 | |
| Orb of Fire | 1 | |
| Potion of Mana | 1 | |
13 total
team 2 (loser)
Gorilla_Kong (
orange | 125 APM | 4365 actions | 34:49)
6 Demon Hunter
3 Evasion
2 Mana Burn
1 Metamorphosis
5 Paladin
3 Holy Light
1 Devotion Aura
1 Divine Shield
6 Beastmaster
3 Summon Quilbeast
2 Summon Hawk
1 Stampede
5 Mountain King
2 Bash
2 Storm Bolt
1 Avatar
» actions
| Assign group hotkey | 74 | |
| Basic commands | 94 | |
| Build / train | 129 | |
| ESC pressed | 1 | |
| Enter build submenu | 38 | |
| Enter hero's abilities submenu | 23 | |
| Give item / drop item | 5 | |
| Right click | 1890 | |
| Select / deselect | 928 | |
| Select group hotkey | 916 | |
| Use ability | 265 | |
4365 total
» units
| Wisp | 18 | |
| Archer | 5 | |
| Priest | 12 | |
| Sorceress | 13 | |
| Dryad | 1 | |
| Druid of the Claw | 12 | |
| Forest Troll High Priest | 2 | |
| Spell Breaker | 6 | |
| Peasant | 4 | |
73 total
» upgrades
| Strength of the Wild | 1 | |
| Reinforced Hides | 1 | |
| Sorceress Training | 2 | |
| Priest Training | 2 | |
| Druid of the Claw Training | 2 | |
| Abolish Magic | 1 | |
| Control Magic | 1 | |
| Gunpowder | 1 | |
| Armor | 1 | |
| Animal War Training | 1 | |
| Ultravision | 1 | |
| Moon Armor | 1 | |
15 total
» buildings
| Altar of Elders | 1 | |
| Moon Well | 8 | |
| Ancient of War | 1 | |
| Ancient of Wonders | 1 | |
| Tree of Ages | 1 | |
| Lumber Mill | 1 | |
| Hunter's Hall | 1 | |
| Arcane Sanctum | 3 | |
| Ancient of Lore | 2 | |
| Castle | 1 | |
| Farm | 13 | |
| Tree of Life | 3 | |
| Arcane Vault | 1 | |
| Town Hall | 1 | |
| Tree of Eternity | 1 | |
39 total
» build order
00:06 Altar of Elders
00:18 Moon Well
00:31 Ancient of War
01:30 Moon Well
02:19 Ancient of Wonders
02:54 Moon Well
02:59 Tree of Ages
03:49 Moon Well
04:23 Lumber Mill
04:33 Hunter's Hall
05:08 Arcane Sanctum
05:10 Arcane Sanctum
05:45 Ancient of Lore
05:46 Ancient of Lore
05:54 Castle
05:55 Farm
05:56 Farm
05:56 Farm
06:10 Tree of Life
06:42 Farm
06:43 Farm
06:43 Farm
07:59 Arcane Vault
09:23 Arcane Sanctum
09:58 Town Hall
10:05 Tree of Eternity
11:35 Farm
11:35 Farm
11:48 Moon Well
11:48 Moon Well
11:50 Moon Well
12:43 Tree of Life
18:27 Moon Well
18:49 Farm
18:49 Farm
30:43 Tree of Life
31:36 Farm
31:37 Farm
31:38 Farm
» items
| Circlet of Nobility | 1 | |
| Scroll of Healing | 1 | |
| Potion of Lesser Invulnerability | 1 | |
| Scroll of Regeneration | 1 | |
| Scroll of Town Portal | 2 | |
| Orb of Fire | 1 | |
| Lesser Clarity Potion | 1 | |
| Potion of Healing | 2 | |
10 total
prttylilh0rs1es (
red | 60 APM | 2972 actions | 49:23)
9 Blademaster
3 Wind Walk
3 Critical Strike
1 Bladestorm
2 Mirror Image
» actions
| Assign group hotkey | 61 | |
| Basic commands | 348 | |
| Build / train | 72 | |
| Enter build submenu | 60 | |
| Enter hero's abilities submenu | 9 | |
| Give item / drop item | 27 | |
| Remove unit from queue | 2 | |
| Right click | 1196 | |
| Select / deselect | 508 | |
| Select group hotkey | 484 | |
| Use ability | 205 | |
2972 total
» units
| Peon | 9 | |
| Grunt | 4 | |
| Goblin Shredder | 2 | |
| Troll Batrider | 4 | |
| Goblin Zeppelin | 4 | |
| Goblin Sapper | 7 | |
| Wind Rider | 3 | |
33 total
» upgrades
| Reinforced Defenses | 1 | |
| Ranged Weapons | 3 | |
| Armor | 3 | |
| Troll Regeneration | 1 | |
| Liquid Fire | 1 | |
| Envenomed Spears | 1 | |
10 total
» buildings
| Orc Burrow | 8 | |
| Altar of Storms | 1 | |
| Barracks | 1 | |
| Voodoo Lounge | 2 | |
| Stronghold | 1 | |
| Great Hall | 4 | |
| War Mill | 2 | |
| Fortress | 1 | |
| Watch Tower | 44 | |
| Beastiary | 4 | |
68 total
» build order
00:10 Orc Burrow
00:53 Orc Burrow
01:03 Altar of Storms
01:04 Barracks
01:37 Voodoo Lounge
03:05 Stronghold
04:20 Great Hall
05:32 Orc Burrow
05:33 War Mill
06:06 Fortress
07:22 Watch Tower
07:23 Watch Tower
07:23 Watch Tower
07:24 Watch Tower
07:51 Orc Burrow
08:05 Orc Burrow
09:56 Beastiary
09:56 Beastiary
09:57 Beastiary
10:01 Beastiary
10:09 Orc Burrow
10:13 War Mill
12:52 Watch Tower
12:52 Watch Tower
12:53 Watch Tower
12:58 Watch Tower
12:59 Watch Tower
12:59 Watch Tower
13:00 Watch Tower
13:01 Watch Tower
16:32 Great Hall
16:50 Watch Tower
16:50 Watch Tower
16:50 Watch Tower
16:51 Watch Tower
16:51 Watch Tower
16:52 Watch Tower
16:54 Voodoo Lounge
17:05 Watch Tower
17:57 Great Hall
18:02 Watch Tower
18:02 Watch Tower
18:03 Watch Tower
18:04 Watch Tower
18:08 Watch Tower
18:09 Watch Tower
20:40 Watch Tower
20:40 Watch Tower
20:43 Watch Tower
20:44 Watch Tower
20:44 Watch Tower
22:17 Watch Tower
22:17 Watch Tower
22:20 Watch Tower
22:21 Watch Tower
25:47 Watch Tower
25:47 Watch Tower
25:47 Watch Tower
25:48 Watch Tower
25:48 Watch Tower
25:50 Watch Tower
25:50 Watch Tower
25:50 Watch Tower
25:50 Watch Tower
25:51 Watch Tower
27:22 Orc Burrow
27:26 Orc Burrow
48:05 Great Hall
» items
| Healing Salve | 4 | |
| Lesser Clarity Potion | 1 | |
| Orb of Lightning | 1 | |
| Scroll of Town Portal | 1 | |
| Periapt of Vitality | 1 | |
| Staff of Teleportation | 2 | |
| Potion of Lesser Invulnerability | 2 | |
| Tiny Great Hall | 2 | |
14 total

»
scarletworm (
blue | 39 APM | 1919 actions | 49:22)
7 Dark Ranger
3 Black Arrow
3 Silence
1 Charm
5 Demon Hunter
2 Mana Burn
3 Evasion
3 Priestess of the Moon
2 Trueshot Aura
1 Searing Arrows
» actions
| Assign group hotkey | 119 | |
| Basic commands | 198 | |
| Build / train | 80 | |
| Enter build submenu | 28 | |
| Enter hero's abilities submenu | 15 | |
| Give item / drop item | 4 | |
| Remove unit from queue | 1 | |
| Right click | 557 | |
| Select / deselect | 531 | |
| Select group hotkey | 309 | |
| Use ability | 77 | |
1919 total
» units
| Wisp | 21 | |
| Archer | 5 | |
| Hippogryph | 3 | |
| Chimaera | 11 | |
| Druid of the Claw | 4 | |
44 total
» upgrades
| Strength of the Wild | 2 | |
| Reinforced Hides | 3 | |
| Corrosive Breath | 1 | |
| Well Spring | 1 | |
| Druid of the Claw Training | 2 | |
| Mark of the Claw | 1 | |
| Ultravision | 1 | |
11 total
» buildings
| Moon Well | 7 | |
| Altar of Elders | 1 | |
| Ancient of War | 1 | |
| Tree of Ages | 1 | |
| Hunter's Hall | 1 | |
| Tree of Life | 5 | |
| Tree of Eternity | 1 | |
| Ancient of Wind | 1 | |
| Chimaera Roost | 4 | |
| Ancient of Lore | 2 | |
| Ancient of Wonders | 1 | |
| Ancient Protector | 5 | |
30 total
» build order
00:09 Moon Well
00:20 Altar of Elders
00:54 Ancient of War
01:28 Moon Well
02:44 Moon Well
03:33 Tree of Ages
03:51 Hunter's Hall
05:20 Tree of Life
05:59 Moon Well
06:00 Tree of Eternity
06:28 Ancient of Wind
07:07 Moon Well
08:30 Chimaera Roost
08:33 Chimaera Roost
08:38 Chimaera Roost
09:47 Chimaera Roost
11:12 Moon Well
11:49 Moon Well
19:58 Ancient of Lore
20:19 Ancient of Lore
21:55 Ancient of Wonders
22:10 Tree of Life
26:21 Tree of Life
26:45 Tree of Life
27:03 Ancient Protector
27:07 Ancient Protector
27:11 Ancient Protector
27:41 Tree of Life
28:54 Ancient Protector
28:58 Ancient Protector
» items
| Scroll of Town Portal | 1 | |
| Potion of Healing | 1 | |
| Orb of Fire | 1 | |
| Scroll of Regeneration | 1 | |
4 total

»
yoykiller (
pink | 23 APM | 93 actions | 03:57)
1 Mountain King
1 Storm Bolt
» actions
| Basic commands | 3 | |
| Build / train | 13 | |
| Enter build submenu | 10 | |
| Enter hero's abilities submenu | 1 | |
| Right click | 24 | |
| Select / deselect | 32 | |
| Use ability | 10 | |
93 total
» units
» buildings
| Altar of Kings | 1 | |
| Farm | 3 | |
| Barracks | 1 | |
| Keep | 1 | |
| Lumber Mill | 1 | |
| Blacksmith | 1 | |
8 total
» build order
00:09 Altar of Kings
00:12 Farm
01:31 Barracks
02:08 Keep
02:23 Lumber Mill
02:37 Farm
03:17 Farm
03:43 Blacksmith
Chat log
(04:33 / Allies) prttylilh0rs1es: who got
(05:18 / Allies) prttylilh0rs1es: who taking pink
(05:21 / Allies) Gorilla_Kong: ill get
(05:25 / Allies) prttylilh0rs1es: k
(19:36 / Allies) Gorilla_Kong: b
(21:28 / Allies) Gorilla_Kong: group up
(23:37 / Allies) Gorilla_Kong: red
(23:39 / Allies) Gorilla_Kong: u gonna make untis?
(23:41 / Allies) Gorilla_Kong: i have a movie to watch
(24:09 / Allies) Gorilla_Kong: useless
(24:10 / Allies) Gorilla_Kong: bats
(26:07 / Allies) prttylilh0rs1es: wood?
(27:50 / Allies) Gorilla_Kong: look at red
(27:52 / Allies) Gorilla_Kong: what a kiddo
(30:07 / Allies) scarletworm: ?
(30:09 / Allies) scarletworm: why?
(30:21 / All) adaware: some of the worst allies I ever seen
(30:36 / Allies) scarletworm: yo prtty?
(30:39 / Allies) scarletworm: whats up?
(30:56 / Allies) scarletworm: ?
(31:16 / All) Gorilla_Kong: leave bro
(32:12 / Allies) scarletworm: gold?
(32:46 / Allies) scarletworm: yo prtty?
(32:51 / Allies) scarletworm: whats the deal?
(32:59 / Allies) prttylilh0rs1es: Repossessing a win, bub
(33:58 / Allies) Gorilla_Kong: whats the fun red?
(34:01 / Allies) Gorilla_Kong: you freaking shithead
(34:11 / Allies) prttylilh0rs1es: waht seems to be your boggle?
(35:25 / All) prttylilh0rs1es: What seems to be your boggle, citizen?
(35:39 / Allies) scarletworm: lol
(35:45 / All) prttylilh0rs1es: This win is hereby repossesed, just following company policy ma'am
(35:56 / Allies) scarletworm: lol
(36:01 / Allies) scarletworm: t
(36:12 / All) scarletworm: i dont get it?
(36:15 / Allies) scarletworm: im
(36:30 / Allies) prttylilh0rs1es: what's there to get? win has been repossessed, simple stuff
(37:30 / All) prttylilh0rs1es: What seems to be your boggle?
(38:11 / Allies) scarletworm: dunno why you would play a team game to do this
(38:36 / Allies) prttylilh0rs1es: I'm a Win Repo Man, love it or hate it's a dirty joba nd someone's got to do it
(39:02 / Allies) scarletworm: lol
(39:10 / Allies) scarletworm: dont you have another account to?
(39:16 / Allies) prttylilh0rs1es: sure don't
(40:44 / All) adaware: gg red
(43:51 / Allies) scarletworm: aint this alot more work than trying to win bro?
(43:59 / All) prttylilh0rs1es: Get out of here yellow, ya filthy noob
(44:01 / Allies) scarletworm: you dont stress yourself out with this?
(44:16 / Allies) prttylilh0rs1es: Hmm? you are a curious fellow, aren't you
(44:22 / All) adaware: wtf
(44:28 / All) adaware: it's not letting me use my units?
(44:32 / All) adaware: control hack red?
(44:32 / Allies) prttylilh0rs1es: Whoever said I wanted to win? No, no, I'm a win REPO man, not a win giver, bub
(44:41 / All) adaware: WTF
(44:47 / All) adaware: cant use my shit
(44:49 / All) adaware: and you are killing my base
(45:01 / Allies) scarletworm: like whats the point though?
(45:07 / All) adaware: I'm reporting you red
(45:12 / Allies) prttylilh0rs1es: To repo a win of course, duh
(45:17 / All) adaware: this is fucking bullshit
(45:19 / All) adaware: what the fuck
(45:21 / Allies) prttylilh0rs1es: What tremendously easy riddles you ask
(45:28 / All) adaware: I leave for a sec, come back
(45:30 / All) adaware: to you control hacking me
(46:03 / Allies) scarletworm: enjoy your day brother, have a blessed night
(46:13 / All) krom86: why not kill the base yourself?
(46:20 / All) adaware: hacker fuck
(46:25 / All) krom86: too big of a pussy
(46:31 / All) adaware: i cant use my shit
(46:33 / All) scarletworm: im confusd bro...you about to win
(46:38 / Allies) prttylilh0rs1es: You gon' leave?
(46:42 / All) krom86: i dont htink so
(47:03 / Allies) prttylilh0rs1es: Go thump your Bible elsewhere, bub
(47:17 / Allies) prttylilh0rs1es: I'm a working man, Win Repo Man by trade, and I ain't got time for Jesus freaks!
(47:23 / All) krom86: i think he wants to be the only winner
(47:32 / Allies) scarletworm: lol i am indeed a Jesus freak
(47:35 / All) krom86: so you should stay blue
(47:40 / Allies) prttylilh0rs1es: So beat it
(47:56 / Allies) scarletworm: what you got against jesus
(47:58 / Allies) scarletworm: ?
(48:12 / All) adaware: gg blue
(48:14 / Allies) scarletworm: he died on the cross because he loves you bro
(48:16 / All) adaware: hacker scum
(48:18 / All) scarletworm: gg man
(48:19 / All) adaware: on ur team
(48:28 / All) scarletworm: its all good